 Dungeon Crawl Stone Soup version 0.21-a0-625-g1119ec1 (webtiles) character file.

5954 tidbits the Magician (level 10, 28/74 HPs)
             Began as a Gnoll Earth Elementalist on Dec 24, 2017.
             Was an Initiate of Cheibriados.
             Quit the game on level 14 of the Dungeon.
             The game lasted 00:31:54 (3264 turns).

tidbits the Magician (Gnoll Earth Elementalist)     Turns: 3264, Time: 00:31:55

Health: 28/74      AC: 16    Str: 12    XL:     10   Next: 84%
Magic:  11/21      EV: 15    Int: 29    God:    Cheibriados [......]
Gold:   325        SH:  0    Dex: 16    Spells: 14/24 levels left

rFire    . . .     SeeInvis +   Q - +3 dire flail (freeze)
rCold    + . .     Gourm    .   (shield currently unavailable)
rNeg     . . .     Faith    .   B - +4 ring mail of Negation {*Corrode rC+ Int+7 Slay+3}
rPois    .         Spirit   .   E - +2 hat {SInv}
rElec    .         Reflect  .   C - +2 cloak
rCorr    .         Harm     .   G - +0 pair of gloves
MR       .....     Clarity  +   (no boots)
Stlth    +++.......             l - amulet of regeneration
HPRegen  0.62/turn              (no ring)
MPRegen  0.17/turn              (no ring)

@: very slow
A: distributed training, fangs 1, horns 1, blink, clarity, strong nose
a: Blink, Bend Time, Renounce Religion


You were on level 14 of the Dungeon.
You worshipped Cheibriados.
Cheibriados was noncommittal.
You were very hungry.

You visited 2 branches of the dungeon, and saw 15 of its levels.
You also visited: Sewer.

You collected 325 gold pieces.

Inventory:

Hand Weapons
 a - a +0 dagger
 w - a +0 shortbow of velocity
   (You took it off a centaur on level 5 of the Dungeon)
 x - a +3 spear of venom
   (You found it on level 5 of the Dungeon)
 y - a +3 quarterstaff of chaos
   (You took it off Crazy Yiuf on level 5 of the Dungeon)
 O - a cursed +0 hunting sling
 Q - a +3 dire flail of freezing (weapon)
   (You took it off a wight on level 6 of the Dungeon)
 R - a cursed +2 dagger of freezing
   (You took it off a wight on level 6 of the Dungeon)
Missiles
 h - 120 arrows
 i - 5 curare-tipped needles
 N - 19 tomahawks (quivered)
Armour
 c - a +0 robe
 q - a +3 leather armour
 A - the +1 ring mail "Janix" {Slay+4 SInv}
   (You found it on level 13 of the Dungeon)

   It affects your accuracy and damage with ranged weapons and melee attacks
   (+4).
   It lets you see invisible.
 B - the +4 ring mail of Negation (worn) {*Corrode rC+ Int+7 Slay+3}
   (You found it on level 8 of the Dungeon)

   It affects your intelligence (+7).
   It affects your accuracy and damage with ranged weapons and melee attacks
   (+3).
   It protects you from cold.
   It may corrode you when you take damage.
 C - a +2 cloak (worn)
 D - a +0 buckler
 E - a +2 hat of see invisible (worn)
   (You took it off Gastronok on level 8 of the Dungeon)
 G - a +0 pair of gloves (worn)
 J - a +0 troll leather armour
 M - the +2 robe of the Black Moon {*Drain rC+ Int+3}
   (You found it on level 4 of the Dungeon)

   It affects your intelligence (+3).
   It protects you from cold.
   It causes draining when unequipped.
 S - a +2 hat
Magical Staves
 F - an uncursed staff of fire {unknown}
   (You found it on level 7 of the Dungeon)
 H - a cursed staff of death {unknown}
   (You found it on level 7 of the Dungeon)
Jewellery
 l - an amulet of regeneration (around neck)
   (You found it on level 1 of the Dungeon)
 P - an uncursed amulet of the gourmand {unknown}
   (You found it on level 8 of the Dungeon)
Wands
 K - a wand of flame (19)
Scrolls
 b - 2 scrolls of enchant weapon
 g - 3 scrolls of teleportation
 m - 2 scrolls of fear
 o - a scroll of fog
 s - 2 scrolls of amnesia
 v - a scroll of blinking
 I - a scroll of acquirement {unknown}
Potions
 f - a potion of haste
 j - a potion of magic {unknown}
 k - 2 potions of heal wounds
 n - a potion of resistance {unknown}
 p - 2 potions of curing
 r - a potion of brilliance
 t - 3 potions of flight
 u - a potion of might
 z - a potion of berserk rage
 T - a potion of invisibility {unknown}
Books
 e - a book of Geomancy

   Spells                             Type                      Level
   a - Sandblast                      Earth                        1
   b - Passwall                       Transmutation/Earth          2
   c - Stone Arrow                    Conjuration/Earth            3
   d - Petrify                        Transmutation/Earth          4
   e - Lee's Rapid Deconstruction     Earth                        5
 L - a book of Enchantments
   (You found it on level 9 of the Dungeon)

   Spells                             Type                      Level
   a - Cause Fear                     Hexes                        4
   b - Yara's Violent Unravelling     Hexes/Transmutation          5
   c - Silence                        Hexes/Air                    5
   d - Deflect Missiles               Charms/Air                   6
   e - Discord                        Hexes                        8
Comestibles
 d - 8 rations


   Skills:
 + Level 5.5 Fighting
 + Level 5.5 Short Blades
 + Level 5.5 Long Blades
 + Level 5.5 Axes
 + Level 5.5 Maces & Flails
 + Level 5.5 Polearms
 + Level 5.5 Staves
 + Level 5.5 Slings
 + Level 5.5 Bows
 + Level 5.5 Crossbows
 + Level 5.5 Throwing
 + Level 5.5 Armour
 + Level 7.3 Dodging
 + Level 7.0 Stealth
 + Level 5.5 Shields
 + Level 5.5 Unarmed Combat
 + Level 7.5 Spellcasting
 + Level 4.6 Conjurations
 + Level 4.6 Hexes
 + Level 4.6 Charms
 + Level 4.6 Summonings
 + Level 4.6 Necromancy
 + Level 4.6 Translocations
 + Level 5.1 Transmutations
 + Level 4.6 Fire Magic
 + Level 4.6 Ice Magic
 + Level 4.6 Air Magic
 + Level 7.2 Earth Magic
 + Level 4.6 Poison Magic
 + Level 6.1 Invocations
 + Level 5.5 Evocations


You had 14 spell levels left.
You knew the following spells:

 Your Spells              Type           Power        Failure   Level  Hunger
a - Sandblast             Erth           ######       1%          1    None
e - Petrify               Tmut/Erth      #####...     8%          4    ##.....
p - Passwall              Tmut/Erth      #####.....   1%          2    None
t - Stone Arrow           Conj/Erth      #####.       2%          3    None


Dungeon Overview and Level Annotations

Branches:
Dungeon (14/15)            Temple (1/1) D:5
   Lair: D:8-11         Orc: D:9-12      Vaults: D:13-14

Altars:
Ashenzari
Cheibriados
Elyvilon
Fedhas
Hepliaklqana
Kikubaaqudgha
Makhleb
Nemelex Xobeh
Okawaru
Qazlal
Ru
Sif Muna
Trog
Uskayaw
Vehumet
Xom
Yredelemnul
Zin
The Shining One

Annotations:
D:14 Azrael


Innate Abilities, Weirdness & Mutations

Your experience applies equally to all skills.
You have very sharp teeth.
Your uncanny sense of smell can sniff out nearby items.
You have a pair of small horns on your head.
You can translocate small distances at will.
You possess an exceptional clarity of mind.


Message History

You hit the vampire.
The vampire is lightly damaged.
The vampire stops moving altogether!
The helpless vampire fails to defend itself.
You impale the vampire!! You freeze the vampire.
The vampire is moderately damaged.
The helpless vampire fails to defend itself.
You thump the vampire! You freeze the vampire.
You bite the vampire, but do no damage.
The vampire is heavily damaged.
The helpless vampire fails to defend itself.
You hit the vampire.
The vampire is heavily damaged.
The helpless vampire fails to defend itself.
You sock the vampire! You headbutt the vampire.
The vampire is severely damaged.
The helpless vampire fails to defend itself.
You puncture the vampire! You bite the vampire, but do no damage.
The vampire is almost destroyed.
The helpless vampire fails to defend itself.
You puncture the vampire!
You destroy the vampire!
Casting: Petrify
Confirm with . or Enter, or press ? or * to list all spells.
Aiming: Petrify
Press: ? - help, Shift-Dir - straight line, f - ogre
Aim: an ogre, wielding a giant spiked club (chance to defeat MR: 71%)
The ogre struggles to resist.
Casting: Petrify
Confirm with . or Enter, or press ? or * to list all spells.
Aiming: Petrify
Press: ? - help, Shift-Dir - straight line, f/p - ogre
Aim: an ogre, wielding a giant spiked club (chance to defeat MR: 71%)
The ogre is moving more slowly.
The ogre hits you with a giant spiked club!!
You thump the ogre! You freeze the ogre. You bite the ogre.
The ogre is heavily wounded.
The ogre completely misses you.
You puncture the ogre! You freeze the ogre. You headbutt the ogre.
You bite the ogre.
The ogre is almost dead.
You strike the helpless ogre from behind!
You impale the ogre!! You freeze the ogre.
You kill the ogre!
Cheibriados appreciates the change of pace.
Azrael howls in rage.
Okay, then.
Put on which piece of jewellery? (? for menu, Esc to quit)
Okay, then.
Unknown command.
Evoke which item? (* to show all) (? for menu, Esc to quit)
Okay, then.
You closely miss the hell hound. The hell hound bites you!
The hell hound bites you.
You barely miss the hell hound. The hell hound closely misses you.
Azrael gestures at you.
The bolt of fire hits the hell hound.
The hell hound completely resists.
The bolt of fire hits you!
* * * LOW HITPOINT WARNING * * *
You hit the hell hound. You freeze the hell hound.
You bite the hell hound, but do no damage.
The hell hound is moderately wounded.
The hell hound closely misses you.
The hell hound bites you but does no damage.
You completely miss the hell hound.
The hell hound is moderately wounded.
The hell hound barely misses you. Azrael gestures at you.
The fireball explodes!
The fireball engulfs the hell hound.
The hell hound completely resists.
The fireball engulfs you!
* * * LOW HITPOINT WARNING * * *
The fireball engulfs Azrael.
Azrael completely resists.
You hear a bark!
You feel much better. The hell hound closely misses you.
The hell hound misses you.
You closely miss the hell hound.
The hell hound is lightly wounded.
The hell hound breathes flames at you. The blast of flame hits you!
* * * LOW HITPOINT WARNING * * *
Okay, then.
You closely miss the hell hound. Your headbutt misses the hell hound.
The hell hound is lightly wounded.
The hell hound breathes flames at you. The blast of flame hits you!
* * * LOW HITPOINT WARNING * * *
The hell hound barely misses you.
You feel much better. The hell hound completely misses you.
Azrael says, "May the fleas of a thousand camels infest your armpits."
You completely miss the hell hound.
The hell hound is lightly wounded.
The hell hound closely misses you.
Azrael blows smoke rings.
The hell hound breathes flames at you. The blast of flame misses you.
You hit the hell hound but do no damage.
The hell hound is lightly wounded.
The hell hound bites you!
* * * LOW HITPOINT WARNING * * *
Are you sure you want to abandon this character and quit the game? (Confirm with "yes".)

∆ #.. #.#
#.# #.# ..
#.# ...
#.######.#
#.#......##
#@#.......§
#h#.....R§.
#R#........
#h#h...h...
#h#§.!.....
#..§h......
###........
#........
#######..


You could see Azrael and 3 hell hounds.

Vanquished Creatures
  Gastronok (D:8)
  A troll (D:11)
  Prince Ribbit (D:5)
  A hippogriff (D:8)
  A wraith (D:13)
  A vampire (D:14)
  A water moccasin (D:8)
  A sky beast (D:7)
  4 orc warriors
  An ice beast (D:6)
  A black bear (D:2)
  3 ogres
  5 centaurs
  4 bullfrogs
  4 scorpions
  2 electric eels (D:11)
  2 crimson imps
  10 wights (D:6)
  A quasit (D:6)
  Crazy Yiuf (D:5)
  A jelly (D:13)
  An orc priest (D:5)
  2 orc wizards (D:5)
  A bullfrog skeleton (D:6)
  3 centaur zombies
  2 hounds
  2 iguanas
  5 worker ants
  A hound skeleton (D:4)
  A mummy (D:7)
  4 gnolls (D:3)
  8 adders
  A river rat (D:4)
  A shadow imp (D:8)
  2 adder skeletons
  An adder zombie (D:7)
  6 worms
  2 dart slugs
  4 leopard geckos
  22 orcs
  A giant cockroach (Sewer)
  A goblin (D:1)
  2 hobgoblins
  9 jackals
  2 kobolds (D:1)
  2 quokkas
  4 ball pythons
  7 bats
  4 frilled lizards
  2 hobgoblin zombies (D:7)
  2 leopard gecko skeletons
  2 orc zombies (D:7)
  3 rats
157 creatures vanquished.

Notes
Turn   | Place    | Note
-------+----------+-------------------------------------------
     0 | D:1      | tidbits the Gnoll Earth Elementalist began the quest for the Orb.
     0 | D:1      | Reached XP level 1. HP: 13/13 MP: 6/6
    56 | D:1      | Reached skill level 2 in Transmutations
    77 | D:1      | Reached XP level 2. HP: 17/19 MP: 2/7
    81 | D:1      | Learned a level 2 spell: Passwall
   148 | D:2      | Noticed a black bear
   158 | D:2      | Killed a black bear
   158 | D:2      | Reached skill level 1 in Fighting
   158 | D:2      | Reached skill level 1 in Short Blades
   158 | D:2      | Reached skill level 1 in Long Blades
   158 | D:2      | Reached skill level 1 in Axes
   158 | D:2      | Reached skill level 1 in Maces & Flails
   158 | D:2      | Reached skill level 1 in Polearms
   158 | D:2      | Reached skill level 1 in Staves
   158 | D:2      | Reached skill level 1 in Slings
   158 | D:2      | Reached skill level 1 in Bows
   158 | D:2      | Reached skill level 1 in Crossbows
   158 | D:2      | Reached skill level 1 in Throwing
   158 | D:2      | Reached skill level 1 in Armour
   158 | D:2      | Reached skill level 1 in Shields
   158 | D:2      | Reached skill level 1 in Unarmed Combat
   158 | D:2      | Reached skill level 5 in Spellcasting
   158 | D:2      | Reached skill level 1 in Conjurations
   158 | D:2      | Reached skill level 1 in Hexes
   158 | D:2      | Reached skill level 1 in Charms
   158 | D:2      | Reached skill level 1 in Summonings
   158 | D:2      | Reached skill level 1 in Necromancy
   158 | D:2      | Reached skill level 1 in Translocations
   158 | D:2      | Reached skill level 1 in Fire Magic
   158 | D:2      | Reached skill level 1 in Ice Magic
   158 | D:2      | Reached skill level 1 in Air Magic
   158 | D:2      | Reached skill level 1 in Poison Magic
   158 | D:2      | Reached skill level 1 in Invocations
   158 | D:2      | Reached skill level 1 in Evocations
   158 | D:2      | Reached XP level 3. HP: 18/26 MP: 0/9
   158 | D:2      | Reached XP level 4. HP: 23/32 MP: 0/11
   300 | D:3      | Reached XP level 5. HP: 37/37 MP: 4/12
   472 | D:4      | Got a thick robe
   483 | D:4      | Identified the +2 robe of the Black Moon {*Drain rC+ Int+3} (You found it on level 4 of the Dungeon)
   627 | D:5      | Entered Level 5 of the Dungeon
   658 | D:4      | Reached XP level 6. HP: 43/44 MP: 9/13
   702 | D:4      | Reached skill level 2 in Invocations
   726 | D:4      | Found a glowing drain.
   733 | Sewer    | Entered a sewer
   751 | Sewer    | Learned a level 4 spell: Petrify
  1002 | D:4      | Gained mutation: You have a pair of small horns on your head. [potion of mutation]
  1002 | D:4      | Gained mutation: You possess an exceptional clarity of mind. [potion of mutation]
  1002 | D:4      | Gained mutation: You can translocate small distances at will. [potion of mutation]
  1046 | D:5      | Noticed Prince Ribbit
  1048 | D:5      | Reached skill level 2 in Fighting
  1048 | D:5      | Reached skill level 2 in Short Blades
  1048 | D:5      | Reached skill level 2 in Long Blades
  1048 | D:5      | Reached skill level 2 in Axes
  1048 | D:5      | Reached skill level 2 in Maces & Flails
  1048 | D:5      | Reached skill level 2 in Polearms
  1048 | D:5      | Reached skill level 2 in Staves
  1048 | D:5      | Reached skill level 2 in Slings
  1048 | D:5      | Reached skill level 2 in Bows
  1048 | D:5      | Reached skill level 2 in Crossbows
  1048 | D:5      | Reached skill level 2 in Throwing
  1048 | D:5      | Reached skill level 2 in Armour
  1048 | D:5      | Reached skill level 5 in Dodging
  1048 | D:5      | Reached skill level 2 in Shields
  1048 | D:5      | Reached skill level 2 in Unarmed Combat
  1048 | D:5      | Reached skill level 2 in Evocations
  1144 | D:4      | Reached XP level 7. HP: 50/50 MP: 5/15
  1309 | D:5      | Found a stormy altar of Qazlal.
  1365 | D:5      | Found a runed door.
  1369 | D:5      | Noticed Crazy Yiuf
  1372 | D:5      | Killed Crazy Yiuf
  1372 | D:5      | Reached skill level 2 in Conjurations
  1372 | D:5      | Reached skill level 2 in Hexes
  1372 | D:5      | Reached skill level 2 in Charms
  1372 | D:5      | Reached skill level 2 in Summonings
  1372 | D:5      | Reached skill level 2 in Necromancy
  1372 | D:5      | Reached skill level 2 in Translocations
  1372 | D:5      | Reached skill level 2 in Fire Magic
  1372 | D:5      | Reached skill level 2 in Ice Magic
  1372 | D:5      | Reached skill level 2 in Air Magic
  1372 | D:5      | Reached skill level 2 in Poison Magic
  1409 | D:5      | Reached skill level 3 in Transmutations
  1476 | D:5      | Reached skill level 5 in Stealth
  1480 | D:5      | Killed Prince Ribbit
  1480 | D:5      | Reached skill level 6 in Earth Magic
  1480 | D:5      | Reached skill level 3 in Invocations
  1480 | D:5      | Reached XP level 8. HP: 55/57 MP: 8/16
  1490 | D:5      | Reached skill level 3 in Fighting
  1490 | D:5      | Reached skill level 3 in Short Blades
  1490 | D:5      | Reached skill level 3 in Long Blades
  1490 | D:5      | Reached skill level 3 in Axes
  1490 | D:5      | Reached skill level 3 in Maces & Flails
  1490 | D:5      | Reached skill level 3 in Polearms
  1490 | D:5      | Reached skill level 3 in Staves
  1490 | D:5      | Reached skill level 3 in Slings
  1490 | D:5      | Reached skill level 3 in Bows
  1490 | D:5      | Reached skill level 3 in Crossbows
  1490 | D:5      | Reached skill level 3 in Throwing
  1490 | D:5      | Reached skill level 3 in Armour
  1490 | D:5      | Reached skill level 3 in Shields
  1490 | D:5      | Reached skill level 3 in Unarmed Combat
  1490 | D:5      | Reached skill level 3 in Evocations
  1597 | D:7      | Reached skill level 6 in Spellcasting
  1886 | D:9      | Learned a level 3 spell: Stone Arrow
  1930 | D:8      | Reached skill level 3 in Conjurations
  1930 | D:8      | Reached skill level 3 in Hexes
  1930 | D:8      | Reached skill level 3 in Charms
  1930 | D:8      | Reached skill level 3 in Summonings
  1930 | D:8      | Reached skill level 3 in Necromancy
  1930 | D:8      | Reached skill level 3 in Translocations
  1930 | D:8      | Reached skill level 3 in Fire Magic
  1930 | D:8      | Reached skill level 3 in Ice Magic
  1930 | D:8      | Reached skill level 3 in Air Magic
  1930 | D:8      | Reached skill level 3 in Poison Magic
  1930 | D:8      | Reached skill level 4 in Invocations
  1947 | D:8      | Noticed a hippogriff
  1948 | D:8      | Reached XP level 9. HP: 63/65 MP: 9/18
  1953 | D:8      | Reached skill level 6 in Dodging
  2048 | D:8      | Reached skill level 4 in Fighting
  2048 | D:8      | Reached skill level 4 in Short Blades
  2048 | D:8      | Reached skill level 4 in Long Blades
  2048 | D:8      | Reached skill level 4 in Axes
  2048 | D:8      | Reached skill level 4 in Maces & Flails
  2048 | D:8      | Reached skill level 4 in Polearms
  2048 | D:8      | Reached skill level 4 in Staves
  2048 | D:8      | Reached skill level 4 in Slings
  2048 | D:8      | Reached skill level 4 in Bows
  2048 | D:8      | Reached skill level 4 in Crossbows
  2048 | D:8      | Reached skill level 4 in Throwing
  2048 | D:8      | Reached skill level 4 in Armour
  2048 | D:8      | Reached skill level 4 in Shields
  2048 | D:8      | Reached skill level 4 in Unarmed Combat
  2048 | D:8      | Reached skill level 4 in Transmutations
  2048 | D:8      | Reached skill level 4 in Evocations
  2054 | D:8      | Got a polished ring mail
  2062 | D:8      | Noticed Gastronok
  2065 | D:8      | Identified the +4 ring mail of Negation {*Corrode rC+ Int+7 Slay+3} (You found it on level 8 of the Dungeon)
  2095 | D:8      | Killed Gastronok
  2095 | D:8      | Reached skill level 6 in Stealth
  2095 | D:8      | Reached skill level 7 in Spellcasting
  2095 | D:8      | Reached skill level 4 in Conjurations
  2095 | D:8      | Reached skill level 4 in Hexes
  2095 | D:8      | Reached skill level 4 in Charms
  2095 | D:8      | Reached skill level 4 in Summonings
  2095 | D:8      | Reached skill level 4 in Necromancy
  2095 | D:8      | Reached skill level 4 in Translocations
  2095 | D:8      | Reached skill level 4 in Fire Magic
  2095 | D:8      | Reached skill level 4 in Ice Magic
  2095 | D:8      | Reached skill level 4 in Air Magic
  2095 | D:8      | Reached skill level 4 in Poison Magic
  2095 | D:8      | Reached skill level 5 in Invocations
  2095 | D:8      | Reached XP level 10. HP: 73/73 MP: 10/20
  2386 | D:6      | Reached skill level 5 in Fighting
  2386 | D:6      | Reached skill level 5 in Short Blades
  2386 | D:6      | Reached skill level 5 in Long Blades
  2386 | D:6      | Reached skill level 5 in Axes
  2386 | D:6      | Reached skill level 5 in Maces & Flails
  2386 | D:6      | Reached skill level 5 in Polearms
  2386 | D:6      | Reached skill level 5 in Staves
  2386 | D:6      | Reached skill level 5 in Slings
  2386 | D:6      | Reached skill level 5 in Bows
  2386 | D:6      | Reached skill level 5 in Crossbows
  2386 | D:6      | Reached skill level 5 in Throwing
  2386 | D:6      | Reached skill level 5 in Armour
  2386 | D:6      | Reached skill level 5 in Shields
  2386 | D:6      | Reached skill level 5 in Unarmed Combat
  2386 | D:6      | Reached skill level 5 in Evocations
  2620 | D:6      | Found a basalt altar of Yredelemnul.
  2620 | D:6      | Found a shattered altar of Ashenzari.
  2636 | D:6      | Reached skill level 7 in Earth Magic
  2656 | D:6      | Found a white marble altar of Elyvilon.
  2659 | D:6      | Found an iron altar of Okawaru.
  2805 | D:5      | Found a staircase to the Ecumenical Temple.
  2815 | Temple   | Entered the Ecumenical Temple
  2820 | Temple   | Became a worshipper of Cheibriados the Contemplative
  2931 | D:7      | Reached skill level 7 in Dodging
  2983 | D:10     | Entered Level 10 of the Dungeon
  3057 | D:11     | Noticed a two-headed ogre
  3069 | D:11     | Noticed a cyclops
  3099 | D:12     | Reached skill level 5 in Transmutations
  3145 | D:13     | Got a pitted ring mail
  3156 | D:13     | Identified the +1 ring mail "Janix" {Slay+4 SInv} (You found it on level 13 of the Dungeon)
  3181 | D:14     | Reached skill level 6 in Invocations
  3198 | D:13     | Noticed a two-headed ogre
  3202 | D:13     | Noticed a cyclops
  3208 | D:13     | Reached skill level 7 in Stealth
  3227 | D:14     | Noticed Azrael
  3264 | D:14     | Quit the game

Vault maps used:
D:1:      erik_arrival_blinker_ship
D:3:      first_ration, kennysheep_generic_room_14
D:4:      lightli_sewer_entry_pipes, nicolae_ru_path_of_blood, uniq_menkaure
D:5:      lemuel_doored_altar, temple_hall, nicolae_qazlal_eye_of_the_storm,
          uniq_prince_ribbit1, uniq_crazy_yiuf_cottage
D:6:      grunt_temple_overflow_open
D:7:      marbit_many_paths, minmay_mini_ossuary
D:8:      uniq_gastronok
D:9:      kennysheep_little_box, lair_entry_dummy, serial_shops, shop_fountains,
          uniq_erica, uniq_psyche
D:10:     uniq_nergalle
D:11:     st_stairs_1
D:12:     erik_orc_2
D:13:     kennysheep_bubbly, serial_shops, shop_fountains, uniq_urug
D:14:     lightli_vaults_fourway_checkpoint, uniq_azrael
Temple:   minmay_freezing_vapour_temple
Sewer:    sewer_fruit_machine

Skill      XL: |  1  2  3  4  5  6  7  8  9 10 |
---------------+-------------------------------+-----
Transmutations | 2 3 4 5 |  5.1
Fighting       | 1 2 3 4 5 |  5.5
Short Blades   | 1 2 3 4 5 |  5.5
Long Blades    | 1 2 3 4 5 |  5.5
Axes           | 1 2 3 4 5 |  5.5
Maces & Flails | 1 2 3 4 5 |  5.5
Polearms       | 1 2 3 4 5 |  5.5
Staves         | 1 2 3 4 5 |  5.5
Slings         | 1 2 3 4 5 |  5.5
Bows           | 1 2 3 4 5 |  5.5
Crossbows      | 1 2 3 4 5 |  5.5
Throwing       | 1 2 3 4 5 |  5.5
Armour         | 1 2 3 4 5 |  5.5
Shields        | 1 2 3 4 5 |  5.5
Unarmed Combat | 1 2 3 4 5 |  5.5
Spellcasting   | 5 6 7 |  7.5
Conjurations   | 1 2 3 4 |  4.6
Hexes          | 1 2 3 4 |  4.6
Charms         | 1 2 3 4 |  4.6
Summonings     | 1 2 3 4 |  4.6
Necromancy     | 1 2 3 4 |  4.6
Translocations | 1 2 3 4 |  4.6
Fire Magic     | 1 2 3 4 |  4.6
Ice Magic      | 1 2 3 4 |  4.6
Air Magic      | 1 2 3 4 |  4.6
Poison Magic   | 1 2 3 4 |  4.6
Invocations    | 1 2 3 4 5 6 |  6.1
Evocations     | 1 2 3 4 5 |  5.5
Dodging        | 5 6 7 |  7.3
Stealth        | 5 6 7 |  7.0
Earth Magic    | 6 7 |  7.2

Action                   |  1- 3 |  4- 6 |  7- 9 | 10-12 || total
-------------------------+-------+-------+-------+-------++-------
Melee: Dagger            |       |    25 |    14 |       ||    39
       Bite              |       |     1 |    13 |    20 ||    34
       Headbutt          |       |     1 |    12 |    34 ||    47
       Spear             |       |       |    84 |    77 ||   161
       Dire flail        |       |       |       |    51 ||    51
 Cast: Sandblast         |    17 |    81 |    50 |    60 ||   208
       Passwall          |       |    10 |    13 |     7 ||    30
       Petrify           |       |       |     1 |     4 ||     5
       Stone Arrow       |       |       |       |     9 ||     9
Evoke: Wand              |       |       |       |     6 ||     6
  Use: Potion            |       |     4 |     2 |     4 ||    10
       Scroll            |       |     3 |     5 |    10 ||    18
 Stab: Sleeping          |       |     1 |     4 |     5 ||    10
       Petrified         |       |       |     3 |     8 ||    11
       Petrifying        |       |       |       |     1 ||     1
  Eat: Chunk             |       |     1 |     3 |     3 ||     7
Armor: Robe              |     3 |     7 |    14 |       ||    24
       Leather armour    |       |     2 |       |       ||     2
       Ring mail         |       |       |       |    49 ||    49
       Troll leather arm |       |       |       |     8 ||     8
Dodge: Dodged            |     6 |    48 |    49 |   116 ||   219
Block: Buckler           |       |       |     8 |    33 ||    41

Table legend:
 A = Spawn XP
 B = Non-spawn XP
 C = Spawn XP percentage of total XP
 D = Spawn monster count
 E = Non-spawn monster count
 F = Spawn count percentage of total count
 G = Total turns spent on level
                    A         B        C        D         E        F      G
               +---------+---------+-------+---------+---------+-------+---------
         Total |       0 |    8507 |   0.0 |       0 |     157 |   0.0 |  3264
               +---------+---------+-------+---------+---------+-------+---------
           D:1 |       0 |      19 |   0.0 |       0 |      10 |   0.0 |   125
           D:2 |       0 |     138 |   0.0 |       0 |       5 |   0.0 |   104
           D:3 |       0 |      85 |   0.0 |       0 |      12 |   0.0 |   198
           D:4 |       0 |     310 |   0.0 |       0 |      13 |   0.0 |   488
           D:5 |       0 |     949 |   0.0 |       0 |      23 |   0.0 |   464
           D:6 |       0 |    1185 |   0.0 |       0 |      28 |   0.0 |   508
           D:7 |       0 |     605 |   0.0 |       0 |      16 |   0.0 |   438
           D:8 |       0 |    3099 |   0.0 |       0 |      15 |   0.0 |   348
          D:11 |       0 |     583 |   0.0 |       0 |       6 |   0.0 |    82
          D:12 |       0 |     536 |   0.0 |       0 |       2 |   0.0 |    57
          D:13 |       0 |     405 |   0.0 |       0 |       4 |   0.0 |    65
          D:14 |       0 |     564 |   0.0 |       0 |       7 |   0.0 |    63
         Sewer |       0 |      29 |   0.0 |       0 |      16 |   0.0 |   265
               +---------+---------+-------+---------+---------+-------+---------

Table legend:
 A = Turns spent in this place as a percentage of turns spent in the entire game.
 B = Non-inter-level travel turns spent in this place as a percentage of non-inter-level travel turns spent in the entire game.
 C = Inter-level travel turns spent in this place as a percentage of turns spent in this place.
 D = Turns resting spent in this place as a percentage of non-inter-level travel turns spent in this place.
 E = Turns spent auto-exploring this place as a percentage of non-inter-level travel turns spent in this place.
 F = Non-inter-level travel turns spent in this place divided by the number of levels of this place that you've seen.
                   A       B       C       D       E      F
               +-------+-------+-------+-------+-------+----------------------
         Total | 100.0 | 100.0 |   2.6 |   0.0 |   0.0 | 198.7
       Dungeon |  91.5 |  91.3 |   2.8 |   0.0 |   0.0 | 207.4
        Temple |   0.3 |   0.3 |   0.0 |   0.0 |   0.0 |  11.0
         Sewer |   8.1 |   8.3 |   0.0 |   0.0 |   0.0 | 265.0
               +-------+-------+-------+-------+-------+----------------------

Table legend:
 A = Kills in this place as a percentage of kills in entire the game.
 B = Kills by you in this place as a percentage of kills by you in the entire game.
 C = Kills by friends in this place as a percentage of kills by friends in the entire game.
 D = Other kills in this place as a percentage of other kills in the entire game.
 E = Experience gained in this place as a percentage of experience gained in the entire game.
 F = Experience gained in this place divided by the number of levels of this place that you have seen.
                   A       B       C       D       E      F
               +-------+-------+-------+-------+-------+----------------------
         Total | 100.0 | 100.0 |   N/A |   N/A | 100.0 | 531.7
       Dungeon |  89.8 |  89.8 |   N/A |   N/A |  99.7 | 605.6
         Sewer |  10.2 |  10.2 |   N/A |   N/A |   0.3 |  29.0
               +-------+-------+-------+-------+-------+----------------------

Vault maps used:
D:1:      erik_arrival_blinker_ship
D:3:      first_ration, kennysheep_generic_room_14
D:4:      lightli_sewer_entry_pipes, nicolae_ru_path_of_blood, uniq_menkaure
D:5:      lemuel_doored_altar, temple_hall, nicolae_qazlal_eye_of_the_storm,
          uniq_prince_ribbit1, uniq_crazy_yiuf_cottage
D:6:      grunt_temple_overflow_open
D:7:      marbit_many_paths, minmay_mini_ossuary
D:8:      uniq_gastronok
D:9:      kennysheep_little_box, lair_entry_dummy, serial_shops, shop_fountains,
          uniq_erica, uniq_psyche
D:10:     uniq_nergalle
D:11:     st_stairs_1
D:12:     erik_orc_2
D:13:     kennysheep_bubbly, serial_shops, shop_fountains, uniq_urug
D:14:     lightli_vaults_fourway_checkpoint, uniq_azrael
Temple:   minmay_freezing_vapour_temple
Sewer:    sewer_fruit_machine
